 Dungeon Crawl Stone Soup version 0.25.1-2-g60ff931df9 (webtiles) character file.

Game seed: 11013693522738072355

128 DildoBatman the Conjurer (level 5, 0/35 HPs)
             Began as a Formicid Wizard on Aug 17, 2020.
             Slain by a quokka (3 damage)
             ... on level 3 of the Dungeon.
             The game lasted 00:08:49 (2830 turns).

DildoBatman the Conjurer (Formicid Wizard)          Turns: 2830, Time: 00:08:50

Health: 0/35       AC:  1    Str: 11    XL:     5   Next: 34%
Magic:  3/9        EV: 12    Int: 21    God:
Gold:   68         SH:  0    Dex:  9    Spells: 3/10 levels left

rFire    . . .     SeeInvis +   a - +2 war axe (vamp)
rCold    . . .     Gourm    .   (no shield)
rNeg     . . .     Faith    .   q - +0 robe
rPois    .         Spirit   .   (helmet unavailable)
rElec    .         Reflect  .   (no cloak)
rCorr    +         Harm     .   (no gloves)
MR       .....                  (no boots)
Stlth    ++........             (no amulet)
HPRegen  0.11/turn              t - ring of resist corrosion
MPRegen  0.11/turn              (no ring)

@: very slightly contaminated
A: permanent stasis, dig shafts and tunnels, four strong arms, antennae 3,
clever 1, deformed body, mutation resistance 1
a: Dig, Shaft Self


You were on level 3 of the Dungeon.
You were not hungry.

You visited 1 branch of the dungeon, and saw 3 of its levels.

You collected 68 gold pieces.

Inventory:

Hand Weapons
 a - a +2 vampiric war axe (weapon)
 s - a +1 vorpal mace
Missiles
 d - 85 stones (quivered)
 k - 55 arrows
 n - 6 javelins
Armour
 q - a +0 robe (worn)
Jewellery
 t - a ring of resist corrosion (left hand)
Scrolls
 b - a scroll of enchant weapon {unknown}
 c - 3 scrolls of identify {unknown}
 i - a scroll of noise {unknown}
 j - a scroll of teleportation {unknown}
 m - 3 scrolls of remove curse {unknown}
 o - a scroll of random uselessness {unknown}
 u - a scroll of fear {unknown}
Potions
 e - 2 potions of degeneration {unknown}
 g - a potion of might {unknown}
 h - 2 potions of heal wounds {unknown}
 l - a potion of flight {unknown}
 p - a potion of mutation
 r - 2 potions of lignification {unknown}
 w - a potion of haste {unknown}
Comestibles
 f - 11 chunks of flesh
 v - 4 rations


   Skills:
 - Level 1.7 Dodging
 - Level 2.4 Stealth
 - Level 3.2 Spellcasting
 * Level 4.0 Conjurations
   Level 1.0 Summonings
   Level 0.8 Translocations
 * Level 1.0 Fire Magic
 * Level 0.7 Air Magic


You had 3 spell levels left.
You knew the following spells:

 Your Spells              Type           Power        Failure   Level  Hunger
a - Conjure Flame         Conj/Fire      ##......     14%         3    ###....
c - Magic Dart            Conj           ###.         2%          1    None
e - Mephitic Cloud        Conj/Pois/Air  ##......     21%         3    ###....

Your spell library contained the following spells:

 Spells                   Type           Power        Failure   Level  Hunger
 Call Imp                 Summ           #.......     13%         2    ##.....
 Slow                     Hex            #.......     21%         2    ##.....
 Blink                    Tloc           Unusable     N/A         2    N/A

Dungeon Overview and Level Annotations

Branches:
Dungeon (3/15)

Altars:
Hepliaklqana
Sif Muna
Xom

Annotations:
D:1 1 exclusion


Innate Abilities, Weirdness & Mutations

You cannot be hasted, slowed, berserked, paralysed or teleported.
You can dig through walls and to a lower floor.
Your four strong arms can wield two-handed weapons with a shield.
You have a pair of large antennae on your head. (SInv)
Your mind is acute. (Int +2)
Armour fits poorly on your strangely shaped body.
You are somewhat resistant to further mutation.


Message History

The orc is heavily wounded.
The orc closely misses you. x2
You slash the orc!
You kill the orc!
The quokka bites you.
You closely miss the quokka. The quokka bites you.
The quokka closely misses you.
You closely miss the quokka. The quokka bites you.
Casting: Magic Dart (safe; 2% risk of failure)
Confirm with . or Enter, or press ? or * to list all spells.
Aiming: Magic Dart (safe; 2% risk of failure)
Press: ? - help, Shift-Dir - straight line, f - quokka
Aim: a quokka The magic dart hits the quokka.
The quokka is moderately wounded.
The quokka closely misses you. The quokka bites you.
You die...

#####.# ##<..# ##..###
#..## #.#############
..............####
#.###########....# ...#
####.# ...# #@# .#.###
#r# .#...# ##g# ####.#
{ #.o# #.#{{ ###.##
..>....r..# #...#
####.....[.............
##....g.###########.
.....##


You could see an orc, a quokka and a goblin.

Vanquished Creatures
  An orc wizard (D:3)
  An ooze (D:2)
  3 worms (D:2)
  A dart slug (D:2)
  2 leopard geckos
  6 orcs (D:3)
  5 giant cockroaches
  10 goblins
  7 hobgoblins
  5 jackals
  10 kobolds
  2 quokkas (D:2)
  11 bats
  5 frilled lizards
  4 rats
73 creatures vanquished.

Notes
Turn   | Place    | Note
-------+----------+-------------------------------------------
     0 | D:1      | DildoBatman the Formicid Wizard began the quest for the
                  | Orb.
     0 | D:1      | Reached XP level 1. HP: 13/13 MP: 4/4
    34 | D:1      | Reached skill level 1 in Conjurations
   261 | D:1      | Reached XP level 2. HP: 19/19 MP: 3/6
   419 | D:1      | Reached skill level 2 in Conjurations
   655 | D:1      | Reached XP level 3. HP: 15/24 MP: 0/7
   660 | D:1      | Learned a level 3 spell: Conjure Flame
   664 | D:1      | Learned a level 3 spell: Mephitic Cloud
  1273 | D:2      | Reached skill level 3 in Conjurations
  1533 | D:2      | Reached XP level 4. HP: 29/30 MP: 2/8
  1609 | D:2      | Found a hazy altar of Hepliaklqana.
  2140 | D:2      | Found a shimmering blue altar of Sif Muna.
  2530 | D:3      | Found a shimmering altar of Xom.
  2698 | D:3      | Reached XP level 5. HP: 32/35 MP: 5/9
  2714 | D:3      | Gained mutation: Armour fits poorly on your strangely
                  | shaped body. [potion of mutation]
  2714 | D:3      | Gained mutation: You are somewhat resistant to further
                  | mutation. [potion of mutation]
  2714 | D:3      | Gained mutation: Your mind is acute. (Int +2) [potion of
                  | mutation]
  2718 | D:3      | Reached skill level 4 in Conjurations
  2815 | D:3      | Reached skill level 1 in Fire Magic
  2830 | D:3      | Slain by a quokka

Illustrated notes

Levels and vault maps discovered:
D:1:      dpeg_arrival_erosion, layout_loops_ring, minmay_split_cup_large
D:2:      layout_loops_corners, lemuel_crystal_altar, first_ration, st_stairs_4,
          lemuel_blue_sif_altar
D:3:      layout_rooms, overflow_temple_1_default, portal_sewer_entry_b

Skill      XL: |  1  2  3  4  5 |
---------------+----------------+-----
Conjurations   | 1 2 3 4 |  4.0
Fire Magic     | 1 |  1.0
Dodging        | |  1.7
Stealth        | |  2.4
Spellcasting   | |  3.2
Summonings     | |  1.0
Translocations | |  0.8
Air Magic      | |  0.7

Action                   |  1- 3 |  4- 6 || total
-------------------------+-------+-------++-------
Melee: Short sword       |    23 |       ||    23
       Dagger            |     2 |    10 ||    12
       War axe           |       |    18 ||    18
Throw: Stone             |       |     5 ||     5
 Cast: Magic Dart        |    96 |    78 ||   174
  Use: Potion            |       |     1 ||     1
 Stab: Sleeping          |       |     1 ||     1
  Eat: Chunk             |     2 |     4 ||     6
Armor: Robe              |    11 |     6 ||    17
Dodge: Dodged            |    27 |    22 ||    49
